 Dungeon Crawl Stone Soup version 0.31.0-32-g396128a36d (webtiles) character file.

Game seed: 9275625890951347964

144 KittyFluff the Changeling (level 5, -7/49 HPs)
             Began as a Troll Shapeshifter on Apr 12, 2024.
             Mangled by a gnoll
             ... wielding a +0 halberd
              (16 damage)
             ... on level 3 of the Dungeon.
             The game lasted 00:06:54 (1430 turns).

KittyFluff the Changeling (Troll Shapeshifter)      Turns: 1430, Time: 00:06:54

Health: -7/49      AC:  4    Str: 24    XL:     5   Next: 5%
Magic:  4/4        EV: 10    Int:  6    God:
Gold:   64         SH:  0    Dex:  9    Spells: 4/4 levels left

rFire   . .          .
                       - Unarmed
rCold   . . .        (no shield)
rNeg    . . .        j - +0 robe
rPois   .            (helmet currently unavailable)
rElec   .            (cloak currently unavailable)
rCorr   .            (gloves unavailable)
SInv    .            (boots unavailable)
Will    .....        (no amulet)
Stlth   +            (no ring)
HPRegen 1.08/turn    (no ring)
MPRegen 0.09/turn

%: no passive effects
@: beast-form
A: beast (slay +2), large, unfitting armour, claws 3, regeneration 1, shaggy fur
1, tough skin 1
a: Begin Untransformation


You were on level 3 of the Dungeon.
You were a hulking beast.
You visited 1 branch of the dungeon, and saw 3 of its levels.

You collected 64 gold pieces.

Inventory:

Hand Weapons
 a - a +0 hand axe
 m - a +0 sling
 s - a +0 spear
Missiles
 e - 30 stones (quivered)
Armour
 j - a +0 robe (worn)
 p - a +0 buckler
Jewellery
 o - a ring of magical power
Talismans
 c - a beast talisman
 d - a flux talisman
 g - a dragon-blood talisman
Scrolls
 i - a scroll of enchant armour {unknown}
 k - a scroll of amnesia {unknown}
 l - a scroll of teleportation {unknown}
 n - a scroll of immolation {unknown}
 q - 2 scrolls of identify {unknown}
Potions
 b - a potion of lignification
 f - 6 potions of curing {unknown}
 h - 2 potions of enlightenment {unknown}
 r - a potion of magic {unknown}


   Skills:
 + Level 1.8 Fighting
 + Level 1.4 Throwing
 + Level 2.1 Dodging
 + Level 3.5 Unarmed Combat
 * Level 3.9 Shapeshifting


You had 4 spell levels left.
You didn't know any spells.
Your spell library was empty.

Dungeon Overview and Level Annotations

Branches:
Dungeon (2/15)

Altars:


Innate Abilities, Weirdness & Mutations

You are a hulking beast.
Your limbs bulge with bestial killing power. (Slay +2)
You are too large for most types of armour.
You have claws for hands.
Your natural rate of healing is unusually fast.
You are covered in fur. (AC +1)
You have tough skin. (AC +1)


Message History

There is a stone staircase leading down here.
Items here: )))) [[ ††.
You see here a +0 club.
Found a scroll labelled YRAKLINYVU.
Found a stone staircase leading down.
There is a stone staircase leading down here.
q - a scroll labelled YRAKLINYVU
Found a blue potion.
r - a blue potion A rat comes into view.
The rat barely misses you.
You scratch the rat.
You kill the rat!
Found a scroll labelled YRAKLINYVU.
q - 2 scrolls labelled YRAKLINYVU (gained 1)
A giant cockroach comes into view.
Found a spear.
The giant cockroach misses you.
You claw the giant cockroach!
You kill the giant cockroach!
You see here a giant cockroach corpse.
You see here a +0 spear.
s - a +0 spear
Found a stone staircase leading up. 3 gnolls come into view.
The gnoll shouts! x3
The gnoll barely misses you.
The gnoll hits you from afar with a +0 halberd!
The gnoll hits you from afar with a +0 halberd.
The gnoll hits you with a +0 halberd!
You barely miss the gnoll. The gnoll barely misses you. x2
You claw the gnoll!
The gnoll is heavily wounded.
The gnoll hits you from afar with a +0 halberd!
The gnoll hits you with a +0 halberd!
* * * LOW HITPOINT WARNING * * *
You closely miss the gnoll.
The gnoll is heavily wounded.
The gnoll hits you with a +0 halberd!
You die...

##################
#..............>.#
#.#############..#
#.# #..###
#.#############....##
#.##..........#.##...
#.##h###...##.#......
#.##g#......#.#.#####
#.##g#.#....#.#.#
#.##g#.....<#.#.#
#.##.######.#.#.#
#.##.. .#†#.#
#.###########.#
#.............#
###############


You could see 3 gnolls.

Vanquished Creatures
  A sleepcap (D:2)
  Natasha (twice) (D:2)
  Robin (D:3)
  5 orcs
  4 endoplasms
  2 giant cockroaches
  8 goblins
  8 hobgoblins
  3 jackals (D:1)
  3 kobolds (D:1)
  A quokka (D:1)
  2 ball pythons
  3 bats (D:1)
  2 frilled lizards (D:1)
  3 rats
48 creatures vanquished.

Notes
Turn   | Place    | Note
-------+----------+-------------------------------------------
     0 | D:1      | KittyFluff the Troll Shapeshifter began the quest for the
                  | Orb.
     0 | D:1      | Reached XP level 1. HP: 18/18 MP: 0/0
   228 | D:1      | Reached skill level 1 in Fighting
   228 | D:1      | Reached XP level 2. HP: 27/27 MP: 1/1
   764 | D:2      | Noticed Natasha
   778 | D:2      | Killed Natasha
   779 | D:2      | Reached skill level 1 in Throwing
   779 | D:2      | Reached XP level 3. HP: 9/33 MP: 2/2
   892 | D:2      | Reached XP level 4. HP: 33/41 MP: 3/3
   943 | D:2      | Noticed Natasha
   946 | D:2      | Killed Natasha
  1179 | D:2      | You fall into a shaft and drop 1 floor!
  1201 | D:3      | Noticed Robin
  1212 | D:3      | Killed Robin
  1218 | D:3      | Reached XP level 5. HP: 49/49 MP: 4/4
  1430 | D:3      | Mangled by a gnoll

Illustrated notes

Levels and vault maps discovered:
D:1:      scummos_arrival_star, layout_basic, minmay_tromino_i4
D:2:      layout_basic, basic_altar, wad_orctagon, uniq_natasha
D:3:      layout_basic, mainiacjoe_overflow_brackets, uniq_robin

Skill      XL: |  1  2  3 |
---------------+----------+-----
Fighting       | 1 |  1.8
Throwing       | 1 |  1.4
Dodging        | 2 |  2.1
Unarmed Combat | |  3.5
Shapeshifting  | |  3.9

Action                     |  1- 3 |  4- 6 || total
---------------------------+-------+-------++-------
  Melee: Unarmed           |    61 |    39 ||   100
         Punch             |     1 |       ||     1
  Throw: Stone             |       |     1 ||     1
    Use: Potion            |     1 |       ||     1
 Armour: Animal skin       |    11 |       ||    11
         Robe              |    21 |    19 ||    40
         Skin              |     3 |       ||     3
  Dodge: Dodged            |    28 |    13 ||    41
